 Dungeon Crawl Stone Soup version 0.25.1-2-g60ff931df9 (webtiles) character file.

Game seed: 11172310926091994758

284 HawFromDerth the Firebug (level 6, -2/32 HPs)
             Began as a Deep Elf Fire Elementalist on Sept 18, 2020.
             Was an Initiate of Elyvilon.
             Slain by a hound (6 damage)
             ... on level 4 of the Dungeon.
             The game lasted 00:20:49 (7612 turns).

HawFromDerth the Firebug (DEFE)                     Turns: 7612, Time: 00:20:50

Health: -2/32      AC:  2    Str:  5    XL:     6   Next: 7%
Magic:  16/16      EV: 13    Int: 22    God:    Elyvilon [......]
Gold:   116        SH:  0    Dex: 21    Spells: 6/15 levels left

rFire    . . .     SeeInvis .   i - +0 whip (elec)
rCold    . . .     Gourm    .   (no shield)
rNeg     . . .     Faith    +   a - +0 robe
rPois    .         Spirit   .   (no helmet)
rElec    .         Reflect  .   (no cloak)
rCorr    .         Harm     .   (no gloves)
MR       .....                  (no boots)
Stlth    +++.......             j - amulet of faith
HPRegen  0.10/turn              p - ring of flight
MPRegen  0.15/turn              d - +6 ring of dexterity

@: no status effects
A: no striking features
a: Renounce Religion, Evoke Flight


You were on level 4 of the Dungeon.
You worshipped Elyvilon.
Elyvilon was noncommittal.
You were near starving.

You visited 2 branches of the dungeon, and saw 5 of its levels.

You collected 116 gold pieces.

Inventory:

Hand Weapons
 i - a +0 whip of electrocution (weapon)
Armour
 a - a +0 robe (worn)
Jewellery
 d - a +6 ring of dexterity (right hand)
 j - an amulet of faith (around neck)
 l - an uncursed amulet of reflection {unknown}
 p - a ring of flight (left hand)
Scrolls
 e - 4 scrolls of remove curse
 n - a scroll of enchant armour {unknown}
 o - 2 scrolls of identify
 q - a scroll of blinking {unknown}
 r - a scroll of immolation {unknown}
Potions
 b - a potion of flight {unknown}
 f - a potion of berserk rage {unknown}
 g - a potion of ambrosia {unknown}
 h - a potion of curing {unknown}
 k - a potion of stabbing {unknown}
 m - a potion of degeneration {unknown}
Comestibles
 c - 5 rations


   Skills:
 + Level 2.6 Dodging
 + Level 3.0 Stealth
 + Level 5.4 Spellcasting
 + Level 2.7 Conjurations
 + Level 0.5 Hexes
 * Level 5.5 Fire Magic


You had 6 spell levels left.
You knew the following spells:

 Your Spells              Type           Power        Failure   Level  Hunger
a - Foxfire               Conj/Fire      ###.         1%          1    None
b - Inner Flame           Hex/Fire       ###.....     9%          3    ##.....
c - Fireball              Conj/Fire      ###.......   45%         5    #####..

Your spell library contained the following spells:

 Spells                   Type           Power        Failure   Level  Hunger
 Magic Dart               Conj           ###.         3%          1    None
 Conjure Flame            Conj/Fire      ###.....     5%          3    ##.....
 Beastly Appendage        Tmut           #.....       10%         1    None
 Slow                     Hex            #.......     12%         2    None
 Blink                    Tloc           N/A          14%         2    None
 Call Imp                 Summ           #.......     14%         2    None
 Sticks to Snakes         Tmut           #.......     14%         2    None
 Sticky Flame             Conj/Fire      ###.....     19%         4    ####...
 Mephitic Cloud           Conj/Pois/Air  #.......     21%         3    ##.....
 Spider Form              Tmut/Pois      #.........   28%         3    ##.....
 Ice Form                 Ice/Tmut       #.......     67%         4    ####...
 Blade Hands              Tmut           #.........   95%         5    #####..


Dungeon Overview and Level Annotations

Branches:
Dungeon (4/15)             Temple (1/1) D:4

Altars:
Ashenzari
Cheibriados
Dithmenos
Elyvilon
Fedhas
Hepliaklqana
Kikubaaqudgha
Makhleb
Nemelex Xobeh
Okawaru
Qazlal
Ru
Uskayaw
Vehumet
Yredelemnul
Zin
The Shining One


Message History

Casting: Foxfire (safe; 1% risk of failure)
Confirm with . or Enter, or press ? or * to list all spells.
Nothing appears to happen.
The iguana bites you!
* * * LOW HITPOINT WARNING * * *
Your foxfire dissipates!
A hound comes into view.
The hound barks!
Found 6 gold pieces.
Found a stone staircase leading up.
The hound misses you. The hound misses you. The hound barely misses you.
The hound bites you.
* * * LOW HITPOINT WARNING * * *
The hound bites you.
* * * LOW HITPOINT WARNING * * *
Okay, then.
Okay, then.
Okay, then.
The hound bites you.
You die...

##########
####..........$. #
#.###.##...##< #
######.###.##...... #
#.............# #
#.####.#####..# #
#.####.# #..# #
#.#..[.# #..# # #
#..###.## #..####.##
#.####@h####.........
#....#...l.........#
#.##.##.#####.#########
##.#)#.## #.# #.....
##...## #.####.####
##.## #......# #.#
######.## ######## #.#
#....# <....... #.#
#.#.####


You could see an iguana and a hound.

Vanquished Creatures
  A scorpion (D:4)
  An orc priest (D:4)
  An orc wizard (D:4)
  A gnoll (D:1)
  7 adders
  3 worms
  A dart slug (D:3)
  3 leopard geckos
  11 orcs
  4 giant cockroaches
  2 gnoll zombies (D:2)
  4 goblins
  8 hobgoblins
  7 jackals
  9 kobolds
  8 bats
  6 frilled lizards
  8 rats
85 creatures vanquished.

Vanquished Creatures (others)
  299 foxfires
299 creatures vanquished.

Grand Total: 384 creatures vanquished

Notes
Turn   | Place    | Note
-------+----------+-------------------------------------------
     0 | D:1      | HawFromDerth the Deep Elf Fire Elementalist began the quest
                  | for the Orb.
     0 | D:1      | Reached XP level 1. HP: 10/10 MP: 6/6
   702 | D:1      | Reached XP level 2. HP: 9/15 MP: 1/8
  1940 | D:1      | Reached XP level 3. HP: 19/19 MP: 5/10
  2848 | D:2      | Learned a level 3 spell: Inner Flame
  3436 | D:2      | Reached XP level 4. HP: 21/24 MP: 3/12
  3593 | D:2      | Found a stormy altar of Qazlal.
  4072 | D:2      | Found a basalt altar of Yredelemnul.
  5817 | D:3      | Reached XP level 5. HP: 28/28 MP: 9/13
  6382 | D:4      | Found a staircase to the Ecumenical Temple.
  6525 | Temple   | Entered the Ecumenical Temple
  6555 | Temple   | Became a worshipper of Elyvilon the Healer
  6731 | D:4      | Reached skill level 5 in Fire Magic
  6890 | D:4      | Reached skill level 5 in Spellcasting
  6910 | D:4      | Reached XP level 6. HP: 15/32 MP: 2/16
  7110 | D:4      | Learned a level 5 spell: Fireball
  7212 | D:4      | Found a sacrificial altar of Ru.
  7612 | D:4      | Slain by a hound

Illustrated notes

Levels and vault maps discovered:
D:1:      ncdulo_lavacross, layout_loops_ring, minmay_tetromino_i4
D:2:      layout_basic, lemuel_zombie_altar_yredelemnul,
          nicolae_qazlal_general_emergency
D:3:      layout_basic, first_ration
D:4:      layout_loops_ring, nicolae_ru_path_of_blood, temple_fountains,
          minmay_manual_maat
Temple:   eino_temple_lava

Skill      XL: |  1  2  3  4  5 |
---------------+----------------+-----
Fire Magic     | 4 5 |  5.5
Spellcasting   | 4 5 |  5.4
Conjurations   | 2 |  2.7
Stealth        | 3 |  3.0
Dodging        | |  2.6
Hexes          | |  0.5

Action                   |  1- 3 |  4- 6 || total
-------------------------+-------+-------++-------
Melee: Whip              |     5 |     1 ||     6
 Cast: Foxfire           |   118 |   141 ||   259
       Inner Flame       |     3 |     3 ||     6
  Use: Scroll            |     1 |     4 ||     5
  Eat: Chunk             |     7 |     9 ||    16
       Ration            |       |     1 ||     1
Armor: Robe              |     5 |     7 ||    12
Dodge: Dodged            |    29 |    13 ||    42
